Map: Amygdala

Players

VITRyung (Ryung) - Winner!

  • Race: Terran Terran
  • Spawn Location: 1:00

Harstem

  • Race: Protoss Protoss
  • League: Grandmaster
  • Spawn Location: 7:00

Event: HomeStory Cup XXVI

VOD

Have the link to the VOD?

Description

Time

  • Played on: Nov. 30, 2024, 1:06 p.m.
  • Length: 17:22

All games in this series

Show
View Real Time Build Order
Export as new Build Order

VITRyung Terran - Winner!

Build Orders:  

Get SALT Encoding   

  12  0:00  SCV  
  13  0:12  SCV  
  14  0:16  Supply Depot  
  14  0:24  SCV  
  15  0:38  SCV  
  15  0:39  Barracks  
  16  0:44  Refinery  
  16  0:50  SCV  
  17  1:02  SCV  
  18  1:14  SCV  
  19  1:26  Orbital Command, Marine  
  20  1:37  Command Center  
  20  1:49  Factory  
  20  1:53  SCV  
  21  2:03  Barracks Reactor  
  21  2:05  SCV  
  22  2:09  Supply Depot  
  22  2:10  Refinery  
  22  2:17  SCV  
  23  2:31  SCV  
  24  2:38  Starport  
  24  2:42  Hellion x2  
  24  2:43  SCV  
  29  2:49  Orbital Command  
  29  2:55  SCV  
  30  3:03  Widow Mine x2  
  34  3:07  SCV  
  35  3:14  Medivac  
  35  3:16  SCV  
  35  3:18  Supply Depot  
  35  3:19  SCV  
  39  3:24  Widow Mine  
  39  3:25  Barracks Tech Lab, Widow Mine  
  43  3:28  SCV  
  43  3:31  SCV  
  45  3:40  SCV  
  46  3:41  Barracks  
  46  3:43  SCV  
  46  3:45  Supply Depot  
  47  3:50  Starport Tech Lab  
  47  3:53  Marine  
  47  3:54  Siege Tank, Marine  
  52  3:57  SCV x2  
  54  4:03  Supply Depot  
  54  4:10  Banshee  
  54  4:12  SCV x2  
  54  4:13  Supply Depot  
  54  4:16  Marine  
  60  4:17  Marine  
  61  4:24  SCV x2  
  61  4:26  Supply Depot  
  63  4:33  Siege Tank  
  66  4:39  SCV x2  
  66  4:45  Marine x2  
  64  4:46  Marine  
  64  4:51  SCV  
  64  4:52  Supply Depot  
  64  4:56  Barracks  
  64  4:59  SCV  
  68  5:04  SCV  
  69  5:08  Engineering Bay, Bunker  
  69  5:10  Siege Tank  
  69  5:11  SCV  
  70  5:16  SCV  
  70  5:18  Marine x3, Refinery  
  70  5:19  Refinery, Stimpack  
  70  5:20  Starport Reactor  
  74  5:22  Supply Depot  
  74  5:23  SCV  
  74  5:28  SCV  
  75  5:35  SCV  
  75  5:36  Marine  
  75  5:39  Command Center  
  75  5:40  SCV  
  77  5:51  Command Center, Factory Reactor, Marauder x2  
  77  5:54  Marine x2  
  77  5:55  Supply Depot  
  83  5:58  SCV x2  
  83  6:03  Terran Infantry Weapons Level 1  
  85  6:06  Supply Depot x2  
  85  6:15  Medivac  
  85  6:16  Barracks  
  85  6:18  Medivac  
  89  6:19  Barracks  
  89  6:27  Marauder x2  
  89  6:31  Marine x2  
  97  6:33  Combat Shield, Widow Mine x2  
  97  6:38  Supply Depot, SCV x2  
  101  6:50  SCV x2  
  101  6:52  Marine x2, Marauder x2  
  108  6:57  Medivac x2  
  108  6:59  Widow Mine x2  
  112  7:02  SCV  
  113  7:08  SCV  
  113  7:10  Barracks Tech Lab, Barracks Reactor  
  113  7:11  Marine x2  
  116  7:16  Concussive Shells  
  116  7:19  SCV  
  116  7:20  SCV  
  116  7:21  Supply Depot  
  116  7:22  Marauder x2  
  119  7:24  Widow Mine  
  119  7:28  Supply Depot  
  121  7:31  Marine  
  121  7:32  Marauder  
  121  7:35  Orbital Command  
  124  7:39  SCV x2  
  126  7:44  Marauder  
  126  7:45  Marine, Marauder  
  130  7:51  SCV  
  130  7:56  Viking  
  130  7:57  Viking  
  130  7:58  SCV, Terran Infantry Armor Level 1  
  136  7:59  Marine, Marauder  
  136  8:05  Supply Depot, SCV x2  
  141  8:06  Marauder  
  141  8:10  SCV  
  144  8:16  Marauder  
  146  8:20  SCV x2  
  146  8:21  Ghost Academy  
  146  8:22  SCV  
  146  8:29  Marine x2, Refinery  
  146  8:30  Marine, Refinery, Marauder x2  
  146  8:32  Supply Depot  
  153  8:35  Supply Depot  
  153  8:36  Viking  
  153  8:37  Supply Depot, Marauder, Viking  
  159  8:47  SCV  
  159  8:48  SCV, Engineering Bay  
  161  8:50  Armory  
  161  8:52  Sensor Tower  
  161  8:54  Ghost x2  
  167  8:58  Ghost  
  167  9:00  Marine x3  
  172  9:15  Command Center  
  172  9:19  Viking  
  172  9:20  Viking  
  174  9:32  Marine x3, Ghost, Marauder x2  
  184  9:39  Bunker  
  184  9:45  Terran Infantry Weapons Level 2  
  184  9:46  Terran Ship Weapons Level 1  
  184  9:52  Marine x2  
  186  9:53  Marauder x2  
  186  9:54  Viking x2  
  194  10:05  SCV x2  
  186  10:07  SCV  
  176  10:17  SCV x2, Terran Infantry Armor Level 2  
  176  10:19  SCV  
  179  10:24  Ghost x2  
  179  10:25  Ghost  
  188  10:29  SCV, Medivac  
  188  10:30  SCV  
  188  10:32  SCV  
  193  10:36  Medivac  
  193  10:41  SCV  
  193  10:42  SCV  
  197  10:44  SCV  
  198  10:54  SCV x2  
  198  10:56  Starport, Barracks x2  
  200  10:57  Barracks  
  200  11:07  Planetary Fortress  
  198  11:20  Command Center  
  198  11:21  Command Center  
  198  11:22  Sensor Tower  
  198  11:26  Missile Turret  
  198  11:28  Missile Turret  
  198  11:29  Marauder x2  
  200  11:37  Command Center  
  191  11:45  SCV, Sensor Tower  
  191  11:46  SCV x2  
  183  11:49  Marauder  
  183  11:50  Barracks Tech Lab, Marauder x2, Barracks Reactor  
  183  11:51  Barracks Tech Lab  
  185  11:58  SCV x3  
  185  12:00  Medivac x2  
  192  12:01  Terran Infantry Weapons Level 3  
  192  12:02  Fusion Core  
  192  12:15  Terran Ship Weapons Level 2, Marauder x2  
  196  12:21  Missile Turret  
  196  12:22  Missile Turret  
  195  12:31  Sensor Tower  
  195  12:38  Terran Infantry Armor Level 3  
  195  12:41  Orbital Command  
  195  12:42  Refinery x2  
  195  12:48  Marine x2, Marauder x4  
  200  12:55  Advanced Ballistics  
  200  13:01  SCV x2  
  198  13:08  Ghost  
  198  13:09  Marine, Ghost  
  198  13:10  Marine x2  
  200  13:27  Command Center, Sensor Tower  
  200  13:29  Command Center x2  
  200  13:45  SCV x2  
  192  13:58  Command Center  
  192  14:02  Command Center  
  181  14:07  Caduceus Reactor  
  181  14:11  Marine x2, Marauder x5  
  181  14:12  Liberator  
  181  14:13  Liberator  
  181  14:14  Marine  
  181  14:16  Sensor Tower  
  200  14:17  Missile Turret  
  200  14:20  Missile Turret  
  196  14:29  Marine x2  
  196  14:30  Marine x2  
  180  14:32  Marauder x2  
  180  14:33  Marine  
  180  14:34  Marine  
  186  14:39  Command Center x2  
  186  14:42  Planetary Fortress, SCV x3  
  186  14:43  SCV  
  188  14:49  Ghost x2  
  188  14:51  Marine x2  
  196  14:54  Marine x4  
  200  15:08  Refinery  
  200  15:09  Orbital Command, Refinery  
  199  15:35  Marine  
  199  15:41  Marauder  
  185  15:57  Marine  
  185  15:58  Marine x2, Ghost x4  
  185  16:05  Orbital Command, Marine x3  
  185  16:07  Ghost  
  185  16:08  Orbital Command  
  183  16:13  Liberator  
  183  16:14  Liberator x2  
  183  16:15  Liberator, Marine x2  
  183  16:16  Marine  
  197  16:18  SCV x2  
  197  16:19  SCV  
  197  16:23  Marine x3  
  200  16:27  Marauder  
  200  16:31  Ghost  
  200  16:34  Marine, Marauder  
  197  16:40  Marine x2  
  197  16:44  Ghost x2  
  197  16:45  Marine  
  197  16:46  Orbital Command  
  197  16:57  Starport  
  194  17:03  Marine  
Show
View Real Time Build Order
Export as new Build Order

Harstem Protoss 

Build Orders: 1 Gate Expand, Phoenix Opening, Blink Stalkers 

Get SALT Encoding   

  12  0:00  Probe  
  13  0:12  Probe  
  14  0:18  Pylon  
  14  0:25  Probe  
  15  0:34  Probe  
  15  0:36  Gateway  
  15  0:42  Probe  
  16  0:47  Assimilator  
  17  0:52  Probe  
  18  1:04  Probe  
  19  1:20  Nexus  
  19  1:28  Cybernetics Core  
  19  1:32  Probe  
  20  1:37  Assimilator  
  20  1:44  Probe  
  20  1:47  Pylon  
  21  1:53  Stalker  
  21  1:56  Probe  
  22  2:04  Probe  
  22  2:05  Warp Gate  
  25  2:13  Probe  
  25  2:22  Sentry, Probe, Phoenix  
  29  2:32  Probe  
  29  2:34  Probe  
  31  2:40  Twilight Council  
  31  2:44  Probe  
  31  2:47  Probe  
  31  2:50  Stalker  
  33  2:51  Gateway  
  33  2:56  Probe  
  36  2:59  Blink, Probe  
  36  3:01  Phoenix  
  37  3:09  Probe  
  37  3:11  Gateway, Probe  
  39  3:21  Probe  
  39  3:24  Shield Battery, Phoenix  
  39  3:26  Probe  
  41  3:30  Pylon  
  41  3:33  Probe  
  42  3:38  Probe  
  43  3:45  Probe  
  44  3:50  Probe  
  44  3:54  Stalker x2  
  49  3:58  Phoenix  
  49  4:02  Probe  
  50  4:04  Nexus  
  50  4:06  Pylon  
  50  4:07  Probe  
  51  4:14  Stalker, Probe  
  54  4:17  Assimilator  
  54  4:21  Assimilator  
  54  4:24  Probe  
  54  4:26  Stalker  
  55  4:38  Stalker x2  
  55  4:40  Probe  
  55  4:44  Probe  
  61  4:50  Robotics Facility  
  61  4:52  Probe  
  60  4:59  Pylon  
  60  5:07  Probe x2  
  60  5:08  Phoenix  
  62  5:16  Charge, Probe  
  62  5:18  Stalker x2, Sentry  
  62  5:20  Probe  
  70  5:22  Probe  
  70  5:28  Probe  
  72  5:32  Observer, Probe  
  72  5:34  Probe  
  72  5:35  Shield Battery  
  74  5:38  Robotics Bay  
  74  5:40  Probe  
  76  5:44  Probe  
  76  5:46  Probe  
  78  5:52  Probe  
  78  5:53  Pylon  
  78  5:55  Immortal  
  78  5:56  Probe  
  80  6:02  Probe  
  79  6:04  Probe  
  79  6:08  Probe  
  79  6:10  Forge, Pylon  
  85  6:12  Pylon  
  85  6:15  Probe  
  85  6:16  Probe  
  87  6:19  Colossus  
  87  6:21  Gateway  
  87  6:22  Extended Thermal Lance  
  87  6:24  Protoss Ground Weapons Level 1  
  88  6:28  Stalker, Sentry  
  88  6:31  Pylon  
  91  6:34  Probe  
  98  6:40  Phoenix  
  98  6:41  Probe  
  98  6:43  Pylon  
  99  6:47  Gateway  
  99  6:49  Gateway  
  99  6:54  Stalker x2  
  103  6:56  Probe  
  106  7:05  Colossus  
  106  7:08  Probe  
  106  7:12  Pylon  
  106  7:15  Gateway  
  111  7:16  Gateway  
  111  7:21  Probe  
  112  7:23  Probe  
  112  7:24  Probe  
  112  7:25  Zealot x4  
  124  7:39  Pylon  
  124  7:40  Pylon  
  125  7:44  Colossus  
  125  7:45  Zealot x2, Phoenix  
  125  7:48  Zealot x3  
  132  7:55  Pylon  
  132  8:05  Zealot  
  139  8:07  Pylon  
  139  8:10  Forge  
  139  8:11  Zealot  
  139  8:12  Zealot x4  
  149  8:21  Protoss Ground Weapons Level 2  
  145  8:27  Nexus  
  145  8:29  Pylon  
  145  8:31  Warp Prism  
  145  8:34  Templar Archives  
  145  8:38  Zealot x4  
  145  8:40  Protoss Ground Armor Level 1  
  155  8:43  Zealot x2  
  159  8:53  Probe  
  159  8:54  Zealot x2  
  164  9:06  Probe  
  165  9:10  Zealot x4  
  165  9:12  Pylon  
  165  9:14  Pylon  
  173  9:20  Robotics Facility  
  173  9:22  Disruptor  
  178  9:32  Zealot, Stalker  
  178  9:33  Stalker x2  
  178  9:34  High Templar  
  178  9:37  High Templar  
  189  9:43  Archon  
  189  9:47  Zealot x2  
  189  9:49  Probe  
  188  10:02  Zealot x2  
  188  10:03  Zealot x2  
  188  10:05  Disruptor  
  188  10:06  Disruptor  
  186  10:11  Probe  
  173  10:15  Probe x2  
  173  10:18  Nexus  
  173  10:20  Pylon  
  169  10:22  Gravitic Drive  
  169  10:23  Probe  
  169  10:24  Probe  
  171  10:30  High Templar x2  
  171  10:31  Zealot x6, Disruptor  
  187  10:37  Archon, Protoss Ground Armor Level 2  
  191  10:43  Photon Cannon  
  191  10:53  Zealot x4, Nexus  
  197  10:58  Protoss Ground Weapons Level 3  
  197  10:59  Pylon  
  197  11:05  Warp Prism  
  197  11:18  Disruptor  
  195  11:22  Photon Cannon  
  195  11:23  Shield Battery  
  195  11:25  Gateway  
  199  11:27  Gateway x2  
  199  11:32  Gateway  
  173  11:47  Disruptor  
  173  11:49  Zealot x8  
  171  11:56  Probe  
  171  11:58  Disruptor  
  180  12:01  Probe  
  180  12:06  Gateway, Probe  
  180  12:08  Gateway x2, Probe  
  183  12:09  Probe  
  183  12:10  Zealot x3  
  183  12:12  Gateway  
  183  12:13  Gateway  
  191  12:16  Zealot x2  
  191  12:17  Zealot x2  
  196  12:27  Disruptor  
  200  12:41  Photon Cannon  
  200  12:42  Photon Cannon  
  200  12:43  Assimilator, Dark Shrine  
  200  12:46  Pylon  
  200  12:47  Assimilator  
  194  12:59  Zealot x3  
  194  13:05  Warp Prism  
  194  13:10  Disruptor  
  188  13:15  Zealot x4  
  188  13:16  Zealot x2  
  196  13:31  Disruptor  
  196  13:36  Zealot x2  
  198  13:46  Warp Prism  
  200  13:55  Nexus  
  184  13:56  Pylon  
  184  13:57  Zealot x8, Dark Templar x2  
  184  13:58  Zealot  
  190  14:06  Disruptor  
  190  14:12  Stalker x6  
  190  14:13  Shadow Stride  
  190  14:14  Protoss Ground Armor Level 3  
  198  14:23  Probe  
  195  14:25  Probe  
  195  14:26  Probe  
  163  14:38  Immortal  
  163  14:39  Protoss Shields Level 1, Immortal  
  163  14:43  Zealot x13  
  163  14:44  Zealot x4  
  183  14:49  Probe  
  183  14:52  Probe  
  189  15:15  Zealot x2, Dark Templar  
  189  15:16  Zealot  
  197  15:29  Nexus  
  191  15:43  Zealot x3, Dark Templar  
  183  15:50  Zealot x7, Dark Templar  
  183  15:51  Stalker x3  
  183  15:55  Stalker x4, Disruptor  
  200  16:02  Zealot x2  
  200  16:03  Probe  
  147  16:05  Disruptor  
  145  16:12  Stalker x4  
  145  16:16  Dark Templar  
  149  16:20  Zealot, Sentry  
  147  16:25  Stalker  
  147  16:27  Zealot x4  
  137  16:46  Probe  
  137  16:47  Stalker x4  
  126  16:48  Zealot x2  
  126  16:49  Zealot  
  129  16:54  Probe x3  
  129  16:59  Zealot x2  
  104  17:13  Stalker x2  
Tags
 
Add a new tag
Caveats
  • Supply blocks, unpowered buildings, or Contaminate may cause inaccurate times.
  • Supply counts are checked every 10 seconds.